 Dungeon Crawl Stone Soup version 0.18.1-50-g88ac8fd (webtiles) character file.

258 magog001 the Slinger (level 6, -2/39 HPs)
             Began as a Halfling Hunter on June 8, 2017.
             Slain by a phantom (4 damage)
             ... on level 4 of the Dungeon.
             The game lasted 00:26:35 (3424 turns).

magog001 the Slinger (Halfling Hunter)              Turns: 3424, Time: 00:26:36

Health: -2/39      AC:  6    Str: 14    XL:     6   Next: 40%
Magic:  6/6        EV: 14    Int: 10    God:
Gold:   93         SH:  0    Dex: 15    Spells: 0 memorised, 5 levels left

rFire  . . .     SeeInvis .     o - +2 short sword (venom)
rCold  . . .     Gourm    .     r - +0 ring mail
rNeg   . . .     Faith    .     (shield restricted)
rPois  .         Spirit   .     n - +0 helmet
rElec  .         Dismiss  .     (no cloak)
rCorr  .         Reflect  .     (no gloves)
SustAt .         Harm     .     (no boots)
MR     .....                    (no amulet)
Stlth  +.........               (no ring)
                                (no ring)

@: not resistant to hostile enchantments, very unstealthy
A: mutation resistance 1
a: no special abilities


You were on level 4 of the Dungeon.
You were not hungry.

You visited 1 branch of the dungeon, and saw 4 of its levels.

You collected 93 gold pieces.

Inventory:

Hand Weapons
 a - a +1 hunting sling
 o - a +2 short sword of venom (weapon)
Missiles
 e - 147 stones (quivered)
Armour
 k - a +0 shield
 n - a +0 helmet (worn)
 r - a +0 ring mail (worn)
Jewellery
 b - a +4 ring of evasion {unknown}
Scrolls
 g - a scroll of noise {unknown}
 h - a scroll of random uselessness {unknown}
 i - 2 scrolls of immolation
 j - a scroll of teleportation
 m - 2 scrolls of fog {unknown}
Comestibles
 f - 3 bread rations


   Skills:
 * Level 2.0 Fighting
 * Level 0.3 Short Blades
 * Level 9.8 Slings
 + Level 0.2 Armour
 + Level 2.7 Dodging
 + Level 1.2 Stealth


You had 5 spell levels left.
You didn't know any spells.

Dungeon Overview and Level Annotations

Branches:
Dungeon (4/15)
 Temple: D:4-7

Altars:
Pakellas
Xom

Annotations:
D:3 magog001's ghost, amateur MiFi
D:4 magog001's ghost, amateur HOFi


Innate Abilities, Weirdness & Mutations

You are small and have problems with some larger weapons.
You are somewhat resistant to further mutation.


Message History

The phantom blinks!
You start resting.
The phantom blinks!
You closely miss the phantom.
The phantom is moderately damaged.
The phantom blinks!
You closely miss the phantom.
The phantom is moderately damaged.
The phantom hits you but does no damage.
You barely miss the phantom.
The phantom is moderately damaged.
The phantom hits you.
* * * LOW HITPOINT WARNING * * *
Your ring mail prevents you from hitting the phantom.
The phantom is lightly damaged.
The phantom completely misses you.
Your ring mail prevents you from hitting the phantom.
The phantom is lightly damaged.
The phantom hits you.
You die...

######### #.......#
#.......###
#.........#
#.......#.### #######
#....W<.#...# #.....#
####.######<####.#####
#.......<.(W@..#
#....######.)#####
#....# ##..# #(...(
##..# .(.##.( .W..
.(.. ...( ..... ###.
...# ....... ##..
#######


You could see a phantom.

Vanquished Creatures
  2 orc wizards (D:4)
  Natasha (thrice) (D:3)
  3 adders (D:3)
  3 oozes
  2 worms (D:3)
  4 dart slugs
  A giant gecko (D:2)
  7 orcs
  3 giant cockroaches
  8 goblins
  8 hobgoblins
  3 jackals (D:1)
  A ball python (D:3)
  5 bats
  A giant gecko skeleton (D:4)
  6 kobolds
  15 rats
75 creatures vanquished.

Notes
Turn   | Place    | Note
--------------------------------------------------------------
     0 | D:1      | magog001 the Halfling Hunter began the quest for the Orb.
     0 | D:1      | Reached XP level 1. HP: 14/14 MP: 1/1
   163 | D:1      | Reached skill level 6 in Slings
   211 | D:1      | Reached XP level 2. HP: 15/19 MP: 2/2
   433 | D:1      | Reached XP level 3. HP: 24/24 MP: 3/3
   895 | D:1      | Reached skill level 7 in Slings
  1313 | D:2      | Reached XP level 4. HP: 29/29 MP: 4/4
  1461 | D:2      | Found an oddly glowing altar of Pakellas.
  1566 | D:2      | Found a shimmering altar of Xom.
  1767 | D:3      | Noticed magog001's ghost (amateur MiFi)
  1943 | D:3      | Reached skill level 8 in Slings
  2117 | D:3      | Noticed Natasha
  2136 | D:3      | Killed Natasha
  2136 | D:3      | Reached XP level 5. HP: 11/34 MP: 5/5
  2156 | D:3      | Noticed Natasha
  2160 | D:3      | Killed Natasha
  2177 | D:3      | Noticed Natasha
  2182 | D:3      | Killed Natasha
  2182 | D:3      | Reached skill level 9 in Slings
  2572 | D:3      | Reached XP level 6. HP: 39/39 MP: 6/6
  3274 | D:4      | Noticed magog001's ghost (amateur HOFi)
  3359 | D:4      | Noticed a phantom
  3422 | D:4      | HP: 1/39 [phantom (4)]
  3424 | D:4      | Slain by a phantom

Skill      XL: |  1  2  3  4  5  6 |
---------------+-------------------+-----
Slings         | 6 7 8 9 |  9.8
Fighting       | 2 |  2.0
Short Blades   | |  0.3
Armour         | |  0.2
Dodging        | |  2.7
Stealth        | |  1.2

Action                   |  1- 3 |  4- 6 || total
-------------------------+-------+-------++-------
Melee: Short sword       |       |    45 ||    45
 Fire: Hunting sling     |    74 |   117 ||   191
  Use: Potion            |       |     4 ||     4
       Scroll            |       |     5 ||     5
  Eat: Chunk             |     1 |     4 ||     5
       Royal jelly       |       |     1 ||     1
Armor: Leather armour    |     6 |       ||     6
       Skin              |       |     9 ||     9
       Ring mail         |       |    13 ||    13
Dodge: Dodged            |     8 |    33 ||    41
